 Dungeon Crawl Stone Soup version 0.32-a0-441-gaf4921d101 (webtiles) character file.

Game seed: 16855005631314070147

1474 riceblast the Slasher (level 8, -13/64 (73) HPs)
             Began as an Octopode Wanderer on Feb 23, 2024.
             Was a Follower of Ru.
             Mangled by a wight
             ... wielding a +5 scimitar
              (17 damage)
             ... on level 7 of the Dungeon.
             The game lasted 00:21:15 (7431 turns).

riceblast the Slasher (Octopode Wanderer)           Turns: 7431, Time: 00:21:15

HP:   -13/64 (73)   AC:  2    Str:  8    XL:     8   Next: 78%
MP:   20/20         EV: 14    Int: 17    God:    Ru [*.....]
Gold: 282           SH:  0    Dex: 14    Spells: 1/11 levels left

rFire   . . .        o - +0 dagger (elec)
rCold   . . .        (no shield)
rNeg    . . .        c - +1 hat
rPois   .            w - amulet of magic regeneration
rElec   .            k - ring of magical power
rCorr   .            y - ring of flight
SInv    +            H - ring of see invisible
Will    .....        (no ring) Stlth
                     (no ring)
HPRegen 0.30/turn    (no ring)
MPRegen 0.57/turn    (no ring)
                     (no ring)

%: no passive effects
@: berserking, flying, heavily drained, very quick
A: almost no armour, amphibious, 8 rings, camouflage 1, frail 1, gelatinous body
1, (nimble swimmer 1), tentacles
a: Renounce Religion


You were on level 7 of the Dungeon.
You worshipped Ru.
Ru was aware of your devotion.
You visited 2 branches of the dungeon, and saw 8 of its levels.

You collected 282 gold pieces.

Inventory:

Hand Weapons
 a - a +1 dagger
 f - a +0 sling
 g - a +0 short sword
 n - a +0 falchion
 o - a +0 dagger of electrocution (weapon)
 q - a +0 flail
 r - a +0 great sword
 E - a +2 heavy mace
 F - a +0 glaive
 K - a +0 dagger of venom
 L - a +2 dagger
Missiles
 b - 5 poisoned darts
 s - a boomerang (quivered)
Armour
 c - a +1 hat (worn)
 j - a +0 kite shield
Jewellery
 k - a ring of magical power (left tentacle)
 w - an amulet of magic regeneration (around mantle)
 y - a ring of flight (right tentacle)
 H - a ring of see invisible (on tentacle)
Talismans
 i - a serpent talisman
Wands
 B - a wand of flame (4)
 I - a wand of iceblast (5) {@v2}
Scrolls
 d - 2 scrolls of fog
 m - a scroll of silence
 u - 3 scrolls of amnesia
 v - 2 scrolls of fear
 A - 2 scrolls of teleportation {@r3}
 D - 3 scrolls of immolation
 G - a scroll of vulnerability
Potions
 h - 6 potions of curing {@q1}
 l - a potion of haste {unknown}
 p - a potion of resistance {@q5}
 t - a potion of attraction {unknown}
 x - a potion of might {@q3}
 z - a potion of lignification
 C - a potion of brilliance {unknown}


   Skills:
 + Level 5.0 Fighting
 * Level 5.8 Long Blades
 - Level 2.0 Throwing
 + Level 4.2 Dodging
 + Level 3.5 Stealth
 - Level 2.0 Unarmed Combat
 - Level 2.0 Spellcasting
 - Level 1.9 Conjurations
 - Level 3.0 Summonings
 - Level 2.0 Necromancy
 - Level 2.0 Evocations


You had one spell level left.
You knew the following spells:

 Your Spells              Type           Power      Damage    Failure   Level
a - Kiss of Death         Conj/Necr      32%        2d7       9%          1
b - Fugue of the Fallen   Necr           8%         N/A       26%         3
c - Call Imp              Summ           22%        N/A       9%          2
d - Animate Dead          Necr           8%         N/A       63%         4

Your spell library contained the following spells:

 Spells                   Type           Power      Damage    Failure   Level
 Sublimation of Blood     Necr           8%         N/A       13%         2
 Borgnjor's Vile Clutch   Necr/Erth      2%         N/A       98%         5
 Death Channel            Necr           4%         N/A       100%        6
 Summon Hydra             Summ           5%         N/A       100%        7


Dungeon Overview and Level Annotations

Branches:
Dungeon (7/15) Zot: 26334  Temple (1/1) D:5 Zot: 5998

Altars:
Ashenzari
Dithmenos
Elyvilon
Fedhas
Makhleb
Nemelex Xobeh
Qazlal
Ru
Sif Muna
Trog
Uskayaw
Vehumet
Wu Jian
Xom
Zin

Annotations:
D:4 exclusions: goblin, ogre and orc wizard
D:5 exclusions: ice beast and 2 phantoms
D:7 exclusions: gnoll, steam dragon and 1 more exclusion


Innate Abilities, Weirdness & Mutations

You cannot wear most types of armour.
You are amphibious.
You can wear up to eight rings at the same time.
Your skin changes colour to match your surroundings (Stealth+).
You are frail. (-10% HP)
Your rubbery body absorbs attacks. (AC +1, EV +1)
((You are camouflaged when in or above water. (Stealth+)))
You have tentacles for arms and can constrict up to eight enemies at once.


Message History

A tiny devil pulls itself out of the air.
The wight hits you with a +5 scimitar!
You feel drained.
Your cerulean imp barely misses the wight.
Things that are here:
a +6 hand axe; a +0 robe of cold resistance You hit the wight but do no damage.
Your grab misses the wight. You squeeze the wight.
You hit the wight but do no damage. You grab the wight. You squeeze the wight.
You constrict the wight, but do no damage.
Your cerulean imp hits the wight but does no damage.
The wight barely misses you.
You hit the wight but do no damage. You squeeze the wight.
You constrict the wight. The wight hits you but does no damage.
Your cerulean imp hits the wight but does no damage.
You barely miss the wight.
You constrict the wight, but do no damage.
Your cerulean imp hits the wight from afar with a -3 spear.
The wight hits you with a +5 scimitar!
* * * LOW HITPOINT WARNING * * *
You feel drained.
* * * LOW HITPOINT WARNING * * *
You hit the wight but do no damage.
You constrict the wight, but do no damage.
The wight hits you with a +5 scimitar!!
* * * LOW HITPOINT WARNING * * *
You feel drained.
* * * LOW HITPOINT WARNING * * *
Your cerulean imp hits the wight but does no damage.
Okay, then.
Okay, then.
Okay, then.
Okay, then.
Okay, then.
Okay, then.
A red film seems to cover your vision as you go berserk!
You feel yourself moving faster!
You feel mighty!
You constrict the wight, but do no damage.
The wight hits you with a +5 scimitar!
You die...
Ru respects your ultimate sacrifice.

##.###.# #.....#.##...#
#...#.####.#####.##.####
###.#....#.#####.##....#
#.####.#.....#.†..##.#
#.#..#.#####.####.##.##
####.##...#.......##...†.#
.....##.###.....#.########
#######.#########.#
).)...)..>....)z@5#
#####.#.....#####.#
#.#####.# #.# #J# #.# #.#
#)# ###.# ###.# ###.#
#...# #...# #.z.#
#.#####.### ###(###
#.......# ....# #########


You could see a wight (ally target) and a friendly cerulean imp (summoned).

Vanquished Creatures
  Prince Ribbit (D:6)
  A water moccasin (D:7)
  A centaur (D:6)
  A scorpion (D:5)
  3 wights (D:7)
  A howler monkey (D:7)
  5 hounds
  3 jellies
  A bombardier beetle (D:7)
  3 orc priests
  2 iguanas
  4 orc wizards
  Natasha (twice) (D:2)
  3 adders
  2 ufetubi (D:6)
  2 ribbon worms
  2 dart slugs
  14 orcs
  4 ball pythons
  2 giant cockroaches
  5 hobgoblins
  8 jackals (D:1)
  A quokka (D:1)
  5 bats (D:1)
  2 frilled lizards
  6 goblins
  10 kobolds
  A rat (D:2)
  A butterfly (D:5)
96 creatures vanquished.

Vanquished Creatures (collateral kills)
  A kobold brigand (D:6)
  A wight (D:7)
  Natasha (D:2)
  An adder (D:2)
  2 orcs
  A bat (D:2)
7 creatures vanquished.

Grand Total: 103 creatures vanquished

Notes
Turn   | Place    | Note
-------+----------+-------------------------------------------
     0 | D:1      | riceblast the Octopode Wanderer began the quest for the
                  | Orb.
     0 | D:1      | riceblast set off with the following items: a +0 dagger, a
                  | potion of heal wounds {@q2}, a +0 hat, a scroll of fog, a
                  | potion of berserk rage; and the following spell memorised:
                  | Kiss of Death; and the following spells available to
                  | memorise: Fugue of the Fallen.
     0 | D:1      | Reached XP level 1. HP: 13/13 MP: 2/2
   266 | D:1      | Reached XP level 2. HP: 18/18 MP: 3/3
   332 | D:1      | Reached skill level 1 in Conjurations
   420 | D:1      | Found a faded altar of an unknown god.
   457 | D:1      | Reached XP level 3. HP: 21/24 MP: 4/4
  1023 | D:2      | Noticed Natasha
  1657 | D:2      | Learned a level 3 spell: Fugue of the Fallen
  2173 | D:3      | Reached skill level 1 in Summonings
  2173 | D:3      | Reached XP level 4. HP: 18/29 MP: 5/5
  2381 | D:3      | Found a sacrificial altar of Ru.
  2390 | D:3      | Became a worshipper of Ru the Awakened
  2509 | D:4      | Noticed an ogre
  2696 | D:4      | Noticed a steam dragon
  2702 | D:4      | Noticed a scorpion
  3095 | D:5      | Entered Level 5 of the Dungeon
  3095 | D:5      | Found a staircase to the Ecumenical Temple.
  3101 | Temple   | Entered the Ecumenical Temple
  3190 | D:5      | Noticed a phantom
  3225 | D:5      | Reached XP level 5. HP: 24/34 MP: 7/7
  3231 | D:5      | Learned a level 2 spell: Call Imp
  3275 | D:5      | Noticed an ice beast
  3404 | D:5      | Found a bloodstained altar of Trog.
  3468 | D:5      | Gained mutation: You are frail. (-10% HP) [Ru sacrifice]
  3468 | D:5      | Reached * piety under Ru
  3471 | D:5      | Noticed a phantom
  3508 | D:5      | Reached XP level 6. HP: 27/36 MP: 9/9
  3560 | D:5      | Reached skill level 1 in Dodging
  4166 | D:2      | Killed Natasha
  4511 | D:2      | Noticed Natasha
  4516 | D:2      | Killed Natasha
  4517 | D:2      | Reached skill level 1 in Long Blades
  5331 | D:2      | Noticed Natasha
  5343 | D:2      | Killed Natasha
  5923 | D:5      | Reached XP level 7. HP: 40/41 MP: 10/10
  6015 | D:6      | Noticed Prince Ribbit
  6040 | D:6      | Killed Prince Ribbit
  6180 | D:6      | Reached XP level 8. HP: 43/48 MP: 11/11
  6741 | D:6      | Learned a level 4 spell: Animate Dead
  6922 | D:7      | Reached skill level 5 in Long Blades
  7421 | D:7      | Reached skill level 5 in Fighting
  7430 | D:7      | HP: 2/43 [wight/+5 scimitar (7)]
  7431 | D:7      | Mangled by a wight

Illustrated notes

Levels and vault maps discovered:
D:1:      minmay_arrival_hallway, layout_basic,
          shapermc_ecumenical_altar_pompeii, item_on_display_a
D:2:      layout_basic, hangedman_feature_mirror, uniq_natasha
D:3:      layout_basic, nicolae_ru_awakened_eye, minmay_misc_feat_diagonals,
          minmay_misc_feat_plants, minmay_misc_feat_square
D:4:      layout_basic, portal_sewer_entry_e
D:5:      layout_loops_cross, trog_three_pillars_becter,
          minmay_temple_entry_butterflies, kennysheep_another_room
D:6:      layout_cave_pools, uniq_prince_ribbit1
D:7:      layout_basic, minitemple
Temple:   hellmonk_temple_forest_ring

Skill      XL: |  1  2  3  4  5  6  7  8 |
---------------+-------------------------+-----
Conjurations   | 1 |  1.9
Fighting       | 2 3 4 5 |  5.0
Necromancy     | 2 |  2.0
Summonings     | 1 2 3 |  3.0
Evocations     | 2 |  2.0
Spellcasting   | 2 |  2.0
Dodging        | 2 3 4 |  4.2
Long Blades    | 2 4 5 |  5.8
Stealth        | 3 |  3.5
Throwing       | |  2.0
Unarmed Combat | |  2.0

Action                     |  1- 3 |  4- 6 |  7- 9 || total
---------------------------+-------+-------+-------++-------
  Melee: Dagger            |    75 |    94 |    75 ||   244
         Tentacles         |    16 |    25 |    28 ||    69
         Constrict         |    21 |    23 |    20 ||    64
         Falchion          |       |       |    16 ||    16
   Fire: Sling             |    75 |       |       ||    75
  Throw: Boomerang         |       |     7 |     5 ||    12
   Cast: Call Imp          |       |    10 |    16 ||    26
         Kiss of Death     |       |       |     1 ||     1
 Invoke: Sacrifice Health  |       |     1 |       ||     1
  Evoke: Wand              |       |       |    10 ||    10
    Use: Scroll            |       |     7 |     3 ||    10
         Potion            |       |       |     4 ||     4
   Stab: Sleeping          |     3 |     3 |     3 ||     9
 Armour: Skin              |    60 |    46 |    74 ||   180
  Dodge: Dodged            |    68 |    50 |    45 ||   163

Table legend: (Time is in decaauts)
 A = Elapsed time spent in this place.
 B = Non-inter-level travel time spent in this place.
 C = Inter-level travel time spent in this place.
 D = Time resting spent in this place.
 E = Time spent auto-exploring this place.
 F = Levels seen in this place.
 G = Mean time per level.
                   A        B        C        D        E       F      G
               +--------+--------+--------+--------+--------+-----+--------+
         Total |   7455 |   6600 |    855 |   1588 |   3059 |   8 |  931.9 |
       Dungeon |   7453 |   6598 |    855 |   1588 |   3059 |   7 | 1064.7 |
        Temple |      1 |      1 |      0 |      0 |      0 |   1 |    1.0 |
               +--------+--------+--------+--------+--------+-----+--------+

Top non-repeatable levels by time:
     D:2: 2371 daAuts
     D:5: 1285 daAuts
     D:3: 1037 daAuts
     D:1: 819 daAuts
     D:6: 814 daAuts
     D:7: 664 daAuts
     D:4: 461 daAuts
  Temple: 1 daAuts
